| TOP OF THE 1ST |
|
Everett AquaSox batting - Pitching for Vancouver Canadians : RHP Márcio Travanca
|
|
Pitching: RHP Márcio Travanca
|
|
|
Batting: SHB Detlef Oursler
|
0-0: Ball 1-0: Ball 2-0: Called Strike 2-1: Foul Ball, location: 2F 2-2: Ball 3-2: SINGLE (Groundball, 4S, EV 68.1 MPH) (infield hit)
|
|
Batting: LHB Kenny Gerrity
|
0-0: Ball Detlef Oursler steals 2nd base (no throw) 1-0: Ball 2-0: Foul Ball, location: 2F 2-1: Ground out 4-3 (Groundball, 4, EV 101.9 MPH) Detlef Oursler to third
|
|
Batting: LHB Omar Colunga
|
0-0: Called Strike 0-1: Swinging Strike 0-2: Ball 1-2: Ball 2-2: Strikes out swinging
|
|
Batting: RHB Justin Colella
|
0-0: Foul Ball, location: 2F 0-1: Ball 1-1: Ball 2-1: Swinging Strike 2-2: Strikes out swinging
|
| Top of the 1st over - 0 runs, 1 hit, 0 errors, 1 left on base; Everett 0 - Vancouver 0 |
| BOTTOM OF THE 1ST |
|
Vancouver Canadians batting - Pitching for Everett AquaSox : LHP Sanjog Veera
|
|
Pitching: LHP Sanjog Veera
|
|
|
Batting: RHB Brian Manson
|
0-0: Called Strike 0-1: Ground out 6-3 (Groundball, 6, EV 101.3 MPH)
|
|
Batting: RHB Jordan Fairburn
|
0-0: Called Strike 0-1: Swinging Strike 0-2: Strikes out swinging
|
|
Batting: RHB Taylor Peavey
|
0-0: Ground out U3 (Groundball, 3, EV 108.8 MPH)
|
| Bottom of the 1st over - 0 runs, 0 hits, 0 errors, 0 left on base; Everett 0 - Vancouver 0 |
| TOP OF THE 2ND |
|
Everett AquaSox batting - Pitching for Vancouver Canadians : RHP Márcio Travanca
|
|
Batting: RHB Clay Statum
|
0-0: Swinging Strike 0-1: Ground out 6-3 (Groundball, 6, EV 88.8 MPH)
|
|
Batting: LHB David Walker
|
0-0: Called Strike 0-1: Called Strike 0-2: Ball 1-2: Ground out 4-3 (Groundball, 4M, EV 91.9 MPH)
|
|
Batting: RHB Chris Van Niel
|
0-0: Ball 1-0: Ball 2-0: TRIPLE (Line Drive, 89XD, EV 103.8 MPH)
|
|
Batting: SHB Ryan Clark
|
0-0: Called Strike 0-1: Foul Ball, location: 2F 0-2: Ball 1-2: Strikes out looking
|
| Top of the 2nd over - 0 runs, 1 hit, 0 errors, 1 left on base; Everett 0 - Vancouver 0 |
| BOTTOM OF THE 2ND |
|
Vancouver Canadians batting - Pitching for Everett AquaSox : LHP Sanjog Veera
|
|
Batting: RHB Josh Swartzentruber
|
0-0: Ground out 4-3 (Groundball, 4, EV 85.6 MPH)
|
|
Batting: RHB Justin Geiger
|
0-0: Ball 1-0: Ground out U3 (Groundball, 3, EV 80.0 MPH)
|
|
Batting: RHB Bryan Peterson
|
0-0: Called Strike 0-1: Ball 1-1: Fly out, F4 (Flyball, 34D, EV 85.6 MPH)
|
| Bottom of the 2nd over - 0 runs, 0 hits, 0 errors, 0 left on base; Everett 0 - Vancouver 0 |
| TOP OF THE 3RD |
|
Everett AquaSox batting - Pitching for Vancouver Canadians : RHP Márcio Travanca
|
|
Batting: RHB Omar Solis
|
0-0: Foul Ball, location: 2F 0-1: Swinging Strike 0-2: Foul Ball, location: 2F 0-2: Ball 1-2: Strikes out swinging
|
|
Batting: SHB Detlef Oursler
|
0-0: Called Strike 0-1: Ball 1-1: Fly out, F9 (Flyball, 9D, EV 98.8 MPH)
|
|
Batting: LHB Kenny Gerrity
|
0-0: Called Strike 0-1: Ball 1-1: Ball 2-1: Ground out 5-3 (Groundball, 56, EV 80.0 MPH)
|
| Top of the 3rd over - 0 runs, 0 hits, 0 errors, 0 left on base; Everett 0 - Vancouver 0 |
| BOTTOM OF THE 3RD |
|
Vancouver Canadians batting - Pitching for Everett AquaSox : LHP Sanjog Veera
|
|
Batting: RHB Lamberto Amicis
|
0-0: Swinging Strike 0-1: Ground out 6-3 (Groundball, P, EV 77.5 MPH)
|
|
Batting: LHB Edgar Castillo
|
0-0: Ball 1-0: Ball 2-0: SINGLE (Line Drive, 8LS, EV 110.6 MPH)
|
|
Batting: RHB Justin Powell
|
0-0: Reached on error, E5 (Groundball, 56, EV 81.9 MPH) Edgar Castillo to second
|
|
Batting: RHB Brian Manson
|
0-0: Ball 1-0: Foul Ball, location: 2F 1-1: Called Strike Edgar Castillo steals 3rd base (no throw) Justin Powell to second 1-2: Hit by Pitch
|
|
Batting: RHB Jordan Fairburn
|
0-0: Ball 1-0: Foul Ball, location: 2F 1-1: Ball 2-1: Fly out, F8 (Flyball, 8RM, EV 90.0 MPH) Runner from 3rd tags up, SCORES, no throw by CF
|
|
Batting: RHB Taylor Peavey
|
0-0: Called Strike 0-1: Fielders Choice at 2nd, 5-4 (Groundball, 5, EV 88.1 MPH)
|
| Bottom of the 3rd over - 1 run, 1 hit, 1 error, 2 left on base; Everett 0 - Vancouver 1 |
| TOP OF THE 4TH |
|
Everett AquaSox batting - Pitching for Vancouver Canadians : RHP Márcio Travanca
|
|
Batting: LHB Omar Colunga
|
0-0: Called Strike 0-1: Ball 1-1: Ball 2-1: Swinging Strike 2-2: Strikes out swinging
|
|
Batting: RHB Justin Colella
|
0-0: Ball 1-0: Ground out 6-3 (Groundball, 6, EV 89.4 MPH)
|
|
Batting: RHB Clay Statum
|
0-0: Ball 1-0: Ground out 5-3 (Groundball, 56, EV 83.8 MPH)
|
| Top of the 4th over - 0 runs, 0 hits, 0 errors, 0 left on base; Everett 0 - Vancouver 1 |
| BOTTOM OF THE 4TH |
|
Vancouver Canadians batting - Pitching for Everett AquaSox : LHP Sanjog Veera
|
|
Batting: RHB Josh Swartzentruber
|
0-0: Swinging Strike 0-1: Swinging Strike 0-2: Ground out 1-3 (Groundball, 15S, EV 61.9 MPH)
|
|
Batting: RHB Justin Geiger
|
0-0: Fly out, F7 (Flyball, 7LS, EV 90.0 MPH)
|
|
Batting: RHB Bryan Peterson
|
0-0: Foul Ball, location: 2F 0-1: Foul Ball, location: 2F 0-2: Foul Ball, location: 2F 0-2: Foul Ball, location: 2F 0-2: SINGLE (Groundball, 6D, EV 101.3 MPH)
|
|
Batting: RHB Lamberto Amicis
|
0-0: Ball 1-0: Called Strike 1-1: Ball 2-1: Ball 3-1: Base on Balls Bryan Peterson to second
|
|
Batting: LHB Edgar Castillo
|
0-0: Called Strike 0-1: Called Strike 0-2: Ball 1-2: Ground out U3 (Groundball, 23, EV 86.3 MPH)
|
| Bottom of the 4th over - 0 runs, 1 hit, 0 errors, 2 left on base; Everett 0 - Vancouver 1 |
| TOP OF THE 5TH |
|
Everett AquaSox batting - Pitching for Vancouver Canadians : RHP Márcio Travanca
|
|
Batting: LHB David Walker
|
0-0: Foul Ball, location: 2F 0-1: Ground out 6-3 (Groundball, 6M, EV 85.0 MPH)
|
|
Batting: RHB Chris Van Niel
|
0-0: Ball 1-0: Called Strike 1-1: Ground out U3 (Groundball, 23, EV 80.6 MPH)
|
|
Batting: SHB Ryan Clark
|
0-0: Swinging Strike 0-1: Ball 1-1: Swinging Strike 1-2: Strikes out swinging
|
| Top of the 5th over - 0 runs, 0 hits, 0 errors, 0 left on base; Everett 0 - Vancouver 1 |
| BOTTOM OF THE 5TH |
|
Vancouver Canadians batting - Pitching for Everett AquaSox : LHP Sanjog Veera
|
|
Batting: RHB Justin Powell
|
0-0: Ball 1-0: Called Strike 1-1: Ball 2-1: Ball 3-1: DOUBLE (Line Drive, 78D, EV 106.9 MPH)
|
|
Batting: RHB Brian Manson
|
0-0: Ball 1-0: Ball 2-0: Ball 3-0: Base on Balls
|
|
Batting: RHB Jordan Fairburn
|
0-0: Ball 1-0: Ball 2-0: SINGLE (Groundball, 6MD, EV 103.1 MPH) Justin Powell to third Brian Manson to second Runner from 3rd tries for Home, SAFE, throw by CF to home
|
|
Batting: RHB Taylor Peavey
|
0-0: Ball 1-0: Foul Ball, location: 2F 1-1: Called Strike 1-2: Fielders Choice at 2nd, 5-4 (Groundball, 56S, EV 92.5 MPH) Brian Manson to third
|
|
Batting: RHB Josh Swartzentruber
|
0-0: Fly out, F7 (Flyball, 7LM, EV 98.8 MPH) Runner from 3rd tags up, SCORES, throw by LF
|
|
Batting: RHB Justin Geiger
|
Pickoff Throw to First - Out! 1-3
|
| Bottom of the 5th over - 2 runs, 2 hits, 0 errors, 0 left on base; Everett 0 - Vancouver 3 |
| TOP OF THE 6TH |
|
Everett AquaSox batting - Pitching for Vancouver Canadians : RHP Márcio Travanca
|
|
Batting: RHB Omar Solis
|
0-0: Called Strike 0-1: Ball 1-1: Foul Ball, location: 2F 1-2: Ball 2-2: Foul Ball, location: 2F 2-2: Strikes out looking
|
|
Batting: SHB Detlef Oursler
|
0-0: Ball 1-0: Called Strike 1-1: Called Strike 1-2: Strikes out swinging
|
|
Batting: LHB Kenny Gerrity
|
0-0: Ball 1-0: Foul Ball, location: 2F 1-1: Foul Ball, location: 2F 1-2: Ball 2-2: SINGLE (Groundball, 6S, EV 75.0 MPH) (infield hit)
|
|
Batting: LHB Omar Colunga
|
0-0: Ball 1-0: Called Strike 1-1: Ball 2-1: Foul Ball, location: 2F 2-2: Foul Ball, location: 2F 2-2: Ground out 5-3 (Groundball, 56S, EV 83.8 MPH)
|
| Top of the 6th over - 0 runs, 1 hit, 0 errors, 1 left on base; Everett 0 - Vancouver 3 |
| BOTTOM OF THE 6TH |
|
Vancouver Canadians batting - Pitching for Everett AquaSox : LHP Sanjog Veera
|
|
Batting: RHB Justin Geiger
|
0-0: Ball 1-0: Ball 2-0: Foul Ball, location: 2F 2-1: SINGLE (Groundball, 6D, EV 110.6 MPH)
|
|
Batting: RHB Bryan Peterson
|
0-0: Ball Justin Geiger is caught stealing 2nd base 2-4 1-0: Called Strike 1-1: Ball 2-1: Ball 3-1: Foul Ball, location: 2F 3-2: Base on Balls
|
|
Batting: RHB Lamberto Amicis
|
0-0: Called Strike 0-1: Ball 1-1: Ball 2-1: Fielders Choice at 2nd, 1-6 (Groundball, 34S, EV 64.4 MPH)
|
|
Batting: LHB Edgar Castillo
|
0-0: Ball Lamberto Amicis steals 2nd base (no throw) 1-0: Ball 2-0: SINGLE (Groundball, 4MS, EV 66.3 MPH) (infield hit) Lamberto Amicis to third
|
|
Batting: RHB Justin Powell
|
0-0: Called Strike Balk! Lamberto Amicis scores Edgar Castillo to second 0-1: Foul Ball, location: 2F 0-2: DOUBLE (Flyball, 78D, EV 106.3 MPH) Edgar Castillo scores
|
|
Pitching: LHP Umberto van der Vleuten
|
|
|
Batting: RHB Brian Manson
|
0-0: Ball 1-0: Called Strike 1-1: SINGLE (Line Drive, 4M, EV 101.3 MPH) Justin Powell to third
|
|
Batting: RHB Jordan Fairburn
|
0-0: Called Strike Brian Manson steals 2nd base 0-1: Fly out, F3 (Popup, 3, EV 56.9 MPH)
|
| Bottom of the 6th over - 2 runs, 4 hits, 0 errors, 2 left on base; Everett 0 - Vancouver 5 |
| TOP OF THE 7TH |
|
Everett AquaSox batting - Pitching for Vancouver Canadians : RHP Márcio Travanca
|
|
Now at 2B: Dylan Phillips
|
|
|
Batting: RHB Justin Colella
|
0-0: Ball 1-0: Foul Ball, location: 2F 1-1: SINGLE (Groundball, 6MD, EV 100.6 MPH)
|
|
Batting: RHB Clay Statum
|
0-0: Ball 1-0: Foul Ball, location: 2F 1-1: Grounds into double play, 2-4-3 (Groundball, 2L, EV 64.4 MPH)
|
|
Pitching: RHP Hans Hørby
|
|
|
Batting: LHB David Walker
|
0-0: Called Strike 0-1: Called Strike 0-2: Ball 1-2: SINGLE (Groundball, 6D, EV 103.1 MPH)
|
|
Batting: RHB Chris Van Niel
|
0-0: Ball 1-0: Ball 2-0: Called Strike 2-1: 2-RUN HOME RUN (Flyball, 7D, EV 103.1 MPH), Distance : 382 ft
|
|
Batting: SHB Ryan Clark
|
0-0: Swinging Strike 0-1: Called Strike 0-2: Strikes out swinging
|
| Top of the 7th over - 2 runs, 3 hits, 0 errors, 0 left on base; Everett 2 - Vancouver 5 |
| BOTTOM OF THE 7TH |
|
Vancouver Canadians batting - Pitching for Everett AquaSox : LHP Umberto van der Vleuten
|
|
Batting: RHB Taylor Peavey
|
0-0: Foul Ball, location: 2F 0-1: Called Strike 0-2: Ball 1-2: Ball 2-2: Foul Ball, location: 2F 2-2: Ball 3-2: Fly out, F8 (Flyball, 89D, EV 98.8 MPH)
|
|
Batting: RHB Josh Swartzentruber
|
0-0: Ball 1-0: Ball 2-0: Foul Ball, location: 2F 2-1: Foul Ball, location: 2F 2-2: Ball 3-2: Ground out 6-3 (Groundball, 6, EV 84.4 MPH)
|
|
Batting: RHB Justin Geiger
|
0-0: Ball 1-0: Ball 2-0: Swinging Strike 2-1: Ball 3-1: Foul Ball, location: 2F 3-2: Foul Ball, location: 2F 3-2: Ground out 1-3 (Groundball, 15S, EV 65.0 MPH)
|
| Bottom of the 7th over - 0 runs, 0 hits, 0 errors, 0 left on base; Everett 2 - Vancouver 5 |
| TOP OF THE 8TH |
|
Everett AquaSox batting - Pitching for Vancouver Canadians : RHP Hans Hørby
|
|
Now at 1B: Kyle Scruggs
|
|
|
Batting: RHB Omar Solis
|
0-0: Ball 1-0: Ball 2-0: Called Strike 2-1: Ball 3-1: SINGLE (Line Drive, 34D, EV 105.6 MPH)
|
|
Batting: SHB Detlef Oursler
|
0-0: Ball Wild Pitch! Omar Solis to second 1-0: Ball 2-0: Called Strike 2-1: Swinging Strike 2-2: Strikes out swinging
|
|
Batting: LHB Kenny Gerrity
|
0-0: Called Strike 0-1: Ball 1-1: Called Strike 1-2: Foul Ball, location: 2F 1-2: Foul Ball, location: 2F 1-2: Foul Ball, location: 2F 1-2: Fly out, F5 (Popup, 25F, EV 92.5 MPH)
|
|
Batting: LHB Omar Colunga
|
0-0: Foul Ball, location: 2F 0-1: Ball 1-1: Ball 2-1: Foul Ball, location: 2F 2-2: Ball 3-2: Ground out 3-1 (Groundball, 34S, EV 87.5 MPH)
|
| Top of the 8th over - 0 runs, 1 hit, 0 errors, 1 left on base; Everett 2 - Vancouver 5 |
| BOTTOM OF THE 8TH |
|
Vancouver Canadians batting - Pitching for Everett AquaSox : LHP Umberto van der Vleuten
|
|
Batting: RHB Bryan Peterson
|
0-0: Ball 1-0: Called Strike 1-1: DOUBLE (Flyball, 89D, EV 103.1 MPH)
|
|
Batting: RHB Lamberto Amicis
|
0-0: Intentional Walk
|
|
Batting: LHB Edgar Castillo
|
0-0: Bunted foul 0-1: Bunt missed! 0-2: Ball 1-2: Ball 2-2: Fielders Choice at 2nd, 3-6 (Groundball, 34, EV 106.3 MPH) Bryan Peterson to third
|
|
Batting: RHB Justin Powell
|
0-0: Ball Edgar Castillo is caught stealing 2nd base 2-4 1-0: Ball 2-0: SINGLE (Groundball, 25, EV 75.0 MPH) (infield hit) Bryan Peterson scores
|
|
Batting: RHB Brian Manson
|
0-0: Ball Justin Powell steals 2nd, throwing error, E2 Justin Powell to third 1-0: Called Strike 1-1: Ball 2-1: Swinging Strike 2-2: SINGLE (Groundball, 4MD, EV 89.4 MPH) (infield hit) Justin Powell scores
|
|
Batting: RHB Dylan Phillips
|
0-0: Called Strike Brian Manson steals 2nd base (no throw) 0-1: Called Strike 0-2: Fly out, F7 (Flyball, 78S, EV 85.0 MPH)
|
| Bottom of the 8th over - 2 runs, 3 hits, 1 error, 1 left on base; Everett 2 - Vancouver 7 |
| TOP OF THE 9TH |
|
Everett AquaSox batting - Pitching for Vancouver Canadians : RHP Hans Hørby
|
|
Pitching: RHP Juan Rodriguez
|
|
|
Batting: RHB Justin Colella
|
0-0: Swinging Strike 0-1: Swinging Strike 0-2: Strikes out swinging
|
|
Batting: RHB Clay Statum
|
0-0: Ball 1-0: Ball 2-0: Called Strike 2-1: Foul Ball, location: 2F 2-2: Ball 3-2: Strikes out swinging
|
|
Batting: LHB David Walker
|
0-0: Ball 1-0: Foul Ball, location: 2F 1-1: Foul Ball, location: 2F 1-2: Ball 2-2: Strikes out swinging
|
| Top of the 9th over - 0 runs, 0 hits, 0 errors, 0 left on base; Everett 2 - Vancouver 7 |
|